TOP OF THE 1ST |
Menlo Maniacs batting - Pitching for Balzac Rams : RHP José Cota
|
Pitching: RHP José Cota
|
|
Batting: RHB Manuel Alonso
|
0-0: Ball 1-0: Ball 2-0: Called Strike 2-1: Ball 3-1: Base on Balls
|
Batting: RHB Gilberto León
|
0-0: Ball 1-0: Called Strike 1-1: SINGLE (Groundball, 4MD) Manuel Alonso to second
|
Batting: LHB Tim Ramsey
|
0-0: Fielders Choice at 2nd, 3-6 (Groundball, 3) Manuel Alonso to third
|
Batting: RHB Jason Blair
|
0-0: Called Strike 0-1: Swinging Strike 0-2: SINGLE (Groundball, 4D) Manuel Alonso scores Tim Ramsey to second Runner from 2nd tries for 3rd, SAFE, throw made to third
|
Batting: LHB César Rodríguez
|
0-0: Called Strike 0-1: Called Strike Jason Blair steals 2nd base 0-2: Strikes out swinging
|
Batting: LHB Robby Lawson
|
0-0: Called Strike 0-1: Ball 1-1: Fly out, F9 (Flyball, 89S)
|
Top of the 1st over - 1 run(s), 2 hit(s), 0 error(s), 2 left on base; Menlo 1 - Balzac 0 |
BOTTOM OF THE 1ST |
Balzac Rams batting - Pitching for Menlo Maniacs : RHP Michael Díaz
|
Pitching: RHP Michael Díaz
|
|
Batting: RHB Josh Baker
|
0-0: Ball 1-0: Called Strike 1-1: Swinging Strike 1-2: Strikes out swinging
|
Batting: LHB Troy Jackson
|
0-0: Called Strike 0-1: Ball 1-1: SINGLE (Line Drive, 3D)
|
Batting: RHB Santiago Rivera
|
0-0: Ball Troy Jackson is caught stealing 2nd base 1-0: Ground out 6-3 (Groundball, 56D)
|
Bottom of the 1st over - 0 run(s), 1 hit(s), 0 error(s), 0 left on base; Menlo 1 - Balzac 0 |
TOP OF THE 2ND |
Menlo Maniacs batting - Pitching for Balzac Rams : RHP José Cota
|
Batting: LHB Bernardo Rodríguez
|
0-0: Foul Ball, location: 2F 0-1: Ball 1-1: Bunted foul 1-2: Ball 2-2: Foul Ball, location: 2F 2-2: Ball 3-2: Ground out 5-3 (Groundball, 56S)
|
Batting: LHB Frank Young
|
0-0: Ground out 5-3 (Groundball, 56S)
|
Batting: SHB José Vélez
|
0-0: Swinging Strike 0-1: Ball 1-1: Fly out, F7 (Flyball, 78M)
|
Top of the 2nd over - 0 run(s), 0 hit(s), 0 error(s), 0 left on base; Menlo 1 - Balzac 0 |
BOTTOM OF THE 2ND |
Balzac Rams batting - Pitching for Menlo Maniacs : RHP Michael Díaz
|
Batting: RHB Ken Longoria
|
0-0: Called Strike 0-1: Ball 1-1: Foul Ball, location: 2F 1-2: Foul Ball, location: 2F 1-2: Foul Ball, location: 2F 1-2: Ball 2-2: Ball 3-2: Base on Balls
|
Batting: LHB Carlos Romero
|
0-0: Called Strike 0-1: Ball 1-1: Foul Ball, location: 2F 1-2: Foul Ball, location: 2F 1-2: SINGLE (Line Drive, 6MD) Ken Longoria to second
|
Batting: RHB Félix Quintero
|
0-0: Ball 1-0: Fly out, F4 (Popup, 34D)
|
Batting: RHB Brian Parks
|
0-0: Ball 1-0: Foul Ball, location: 2F 1-1: Ball 2-1: Ball 3-1: Swinging Strike 3-2: SINGLE (Groundball, 34S) (infield hit) Ken Longoria to third Carlos Romero to second
|
Batting: RHB Ricardo Muñóz
|
0-0: SINGLE (Groundball, 56D) Ken Longoria scores Carlos Romero to third Brian Parks to second
|
Batting: RHB Bill Pike
|
0-0: Ball 1-0: Ball 2-0: Ball 3-0: Base on Balls Carlos Romero scores Brian Parks to third Ricardo Muñóz to second
|
Batting: RHB Josh Baker
|
0-0: Called Strike 0-1: Called Strike 0-2: Grounds into fielders choice 2-2 (Groundball, 2R) Ricardo Muñóz to third Bill Pike to second
|
Batting: LHB Troy Jackson
|
0-0: Swinging Strike 0-1: Fly out, F7 (Flyball, 7)
|
Bottom of the 2nd over - 2 run(s), 3 hit(s), 0 error(s), 3 left on base; Menlo 1 - Balzac 2 |
TOP OF THE 3RD |
Menlo Maniacs batting - Pitching for Balzac Rams : RHP José Cota
|
Batting: RHB Manuel Alonso
|
0-0: Foul Ball, location: 2F 0-1: Fly out, F8 (Line Drive, 8RD)
|
Batting: RHB Gilberto León
|
0-0: Called Strike 0-1: Ball 1-1: Called Strike 1-2: Foul Ball, location: 2F 1-2: SINGLE (Flyball, 89S)
|
Batting: LHB Tim Ramsey
|
0-0: Ball 1-0: Ball 2-0: Ball 3-0: Called Strike 3-1: DOUBLE (Groundball, 3L) Gilberto León to third
|
Batting: RHB Jason Blair
|
0-0: Called Strike 0-1: Ball 1-1: Ball 2-1: Called Strike 2-2: Ball 3-2: Base on Balls
|
Batting: LHB César Rodríguez
|
0-0: Ball 1-0: Foul Ball, location: 2F 1-1: Fly out, F6 (Popup, 56D)
|
Batting: LHB Robby Lawson
|
0-0: Ball 1-0: Called Strike 1-1: Ball 2-1: Ball 3-1: Foul Ball, location: 2F 3-2: Fly out, F8 (Flyball, 8RXD)
|
Top of the 3rd over - 0 run(s), 2 hit(s), 0 error(s), 3 left on base; Menlo 1 - Balzac 2 |
BOTTOM OF THE 3RD |
Balzac Rams batting - Pitching for Menlo Maniacs : RHP Michael Díaz
|
Batting: RHB Santiago Rivera
|
0-0: Called Strike 0-1: Called Strike 0-2: Ball 1-2: Reached via error on a dropped throw, E3
|
Batting: RHB Ken Longoria
|
0-0: Ball 1-0: Ball 2-0: Called Strike 2-1: Foul Ball, location: 2F 2-2: Grounds into double play, 4-6-3 (Groundball, 34)
|
Batting: LHB Carlos Romero
|
0-0: Foul Ball, location: 2F 0-1: Ball 1-1: Foul Ball, location: 2F 1-2: Fly out, F9 (Line Drive, 9LM)
|
Bottom of the 3rd over - 0 run(s), 0 hit(s), 1 error(s), 0 left on base; Menlo 1 - Balzac 2 |
TOP OF THE 4TH |
Menlo Maniacs batting - Pitching for Balzac Rams : RHP José Cota
|
Batting: LHB Bernardo Rodríguez
|
0-0: Ball 1-0: Ball 2-0: Ball 3-0: Base on Balls
|
Batting: LHB Frank Young
|
0-0: Ball 1-0: Fly out, F8 (Flyball, 8RM)
|
Batting: SHB José Vélez
|
0-0: SINGLE (Groundball, 34D) Bernardo Rodríguez to second Runner from 2nd tries for 3rd, SAFE, no throw
|
Batting: RHB Manuel Alonso
|
0-0: Ball 1-0: Called Strike 1-1: Foul Ball, location: 2F 1-2: Foul Ball, location: 2F 1-2: Ground out 5-3 (Groundball, 2L) Bernardo Rodríguez scores José Vélez to second
|
Batting: RHB Gilberto León
|
0-0: Ball 1-0: Foul Ball, location: 2F 1-1: Swinging Strike 1-2: Ball 2-2: Foul Ball, location: 2F 2-2: Ball 3-2: SINGLE (Line Drive, 4D) José Vélez to third José Vélez scores
|
Batting: LHB Tim Ramsey
|
0-0: Ball 1-0: Ball 2-0: Called Strike 2-1: Ball 3-1: Base on Balls Gilberto León to second
|
Batting: RHB Jason Blair
|
0-0: Foul Ball, location: 2F 0-1: Foul Ball, location: 2F 0-2: Fly out, F4 (Popup, 4)
|
Top of the 4th over - 2 run(s), 2 hit(s), 0 error(s), 2 left on base; Menlo 3 - Balzac 2 |
BOTTOM OF THE 4TH |
Balzac Rams batting - Pitching for Menlo Maniacs : RHP Michael Díaz
|
Batting: RHB Félix Quintero
|
0-0: Called Strike 0-1: Called Strike 0-2: Ball 1-2: Fly out, F4 (Popup, 3D)
|
Batting: RHB Brian Parks
|
0-0: Called Strike 0-1: Ball 1-1: Foul Ball, location: 2F 1-2: Ball 2-2: Strikes out swinging
|
Batting: RHB Ricardo Muñóz
|
0-0: Bunted foul 0-1: Called Strike 0-2: Strikes out looking
|
Bottom of the 4th over - 0 run(s), 0 hit(s), 0 error(s), 0 left on base; Menlo 3 - Balzac 2 |
TOP OF THE 5TH |
Menlo Maniacs batting - Pitching for Balzac Rams : RHP José Cota
|
Batting: LHB César Rodríguez
|
0-0: DOUBLE (Line Drive, 78D)
|
Batting: LHB Robby Lawson
|
0-0: Ball 1-0: Ball 2-0: Foul Ball, location: 2F 2-1: Ball 3-1: SINGLE (Groundball, 34D) César Rodríguez to third
|
Batting: LHB Bernardo Rodríguez
|
0-0: Fly out, F3 (Popup, 3S)
|
Batting: LHB Frank Young
|
0-0: Called Strike 0-1: Called Strike 0-2: Ball 1-2: Strikes out swinging
|
Batting: SHB José Vélez
|
0-0: Ball 1-0: Ball 2-0: SINGLE (Groundball, 56D) César Rodríguez scores Robby Lawson to second
|
Pitching: RHP John Harris
|
|
Batting: RHB Manuel Alonso
|
0-0: Ball 1-0: TRIPLE (Line Drive, 78D) Robby Lawson scores José Vélez scores
|
Batting: RHB Gilberto León
|
0-0: Ball 1-0: Swinging Strike 1-1: Ball 2-1: Swinging Strike 2-2: Foul Ball, location: 2F 2-2: Ball 3-2: Base on Balls
|
Batting: LHB Tim Ramsey
|
0-0: Foul Ball, location: 2F 0-1: Foul Ball, location: 2F 0-2: Ball 1-2: Foul Ball, location: 2F 1-2: Ball 2-2: Fly out, F9 (Flyball, 9LM)
|
Top of the 5th over - 3 run(s), 4 hit(s), 0 error(s), 2 left on base; Menlo 6 - Balzac 2 |
BOTTOM OF THE 5TH |
Balzac Rams batting - Pitching for Menlo Maniacs : RHP Michael Díaz
|
Batting: RHB Bill Pike
|
0-0: Called Strike 0-1: SINGLE (Line Drive, 5)
|
Batting: RHB Josh Baker
|
0-0: Ball 1-0: Ball 2-0: Called Strike 2-1: Ball 3-1: Called Strike Bill Pike steals 2nd base 3-2: Strikes out swinging
|
Batting: LHB Troy Jackson
|
0-0: Fly out, F7 (Flyball, 78M)
|
Batting: RHB Santiago Rivera
|
0-0: Ground out 6-3 (Groundball, 6)
|
Bottom of the 5th over - 0 run(s), 1 hit(s), 0 error(s), 1 left on base; Menlo 6 - Balzac 2 |
TOP OF THE 6TH |
Menlo Maniacs batting - Pitching for Balzac Rams : RHP John Harris
|
Batting: RHB Jason Blair
|
0-0: Ball 1-0: Swinging Strike 1-1: Foul Ball, location: 2F 1-2: Strikes out swinging
|
Batting: LHB César Rodríguez
|
0-0: Called Strike 0-1: Ball 1-1: Called Strike 1-2: Strikes out swinging, 2-3 out at first.
|
Batting: LHB Robby Lawson
|
0-0: Ball 1-0: Called Strike 1-1: Ball 2-1: Foul Ball, location: 2F 2-2: Strikes out swinging
|
Top of the 6th over - 0 run(s), 0 hit(s), 0 error(s), 0 left on base; Menlo 6 - Balzac 2 |
BOTTOM OF THE 6TH |
Balzac Rams batting - Pitching for Menlo Maniacs : RHP Michael Díaz
|
Batting: RHB Ken Longoria
|
0-0: Ball 1-0: Ball 2-0: Ball 3-0: Called Strike 3-1: Base on Balls
|
Batting: LHB Carlos Romero
|
0-0: Ball 1-0: Called Strike 1-1: SINGLE (Line Drive, 89S) Ken Longoria to second
|
Batting: RHB Félix Quintero
|
0-0: Ball Wild Pitch! Ken Longoria to third Carlos Romero to second 1-0: Foul Ball, location: 2F 1-1: Foul Ball, location: 2F 1-2: Ball 2-2: Ball 3-2: Base on Balls
|
Batting: RHB Brian Parks
|
0-0: Called Strike 0-1: Ground out 5-3 (Groundball, 5S) Ken Longoria scores Carlos Romero to third Félix Quintero to second
|
Batting: RHB Ricardo Muñóz
|
0-0: Ball 1-0: Called Strike 1-1: Ground out 5-3 (Groundball, 5)
|
Batting: RHB Bill Pike
|
0-0: Called Strike 0-1: Foul Ball, location: 2F 0-2: Fly out, F8 (Flyball, 8LS)
|
Bottom of the 6th over - 1 run(s), 1 hit(s), 0 error(s), 2 left on base; Menlo 6 - Balzac 3 |
TOP OF THE 7TH |
Menlo Maniacs batting - Pitching for Balzac Rams : RHP John Harris
|
Batting: LHB Bernardo Rodríguez
|
0-0: Fly out, F5 (Popup, 6S)
|
Batting: LHB Frank Young
|
0-0: Swinging Strike 0-1: Ground out 5-3 (Groundball, 5L)
|
Batting: SHB José Vélez
|
0-0: Ball 1-0: Ball 2-0: Ball 3-0: Called Strike 3-1: Foul Ball, location: 2F 3-2: Foul Ball, location: 2F 3-2: Strikes out swinging
|
Top of the 7th over - 0 run(s), 0 hit(s), 0 error(s), 0 left on base; Menlo 6 - Balzac 3 |
BOTTOM OF THE 7TH |
Balzac Rams batting - Pitching for Menlo Maniacs : RHP Michael Díaz
|
Pitching: RHP Brad Small
|
|
Batting: RHB Josh Baker
|
0-0: Called Strike 0-1: Foul Ball, location: 2F 0-2: Ball 1-2: SINGLE (Groundball, 6MD)
|
Batting: LHB Troy Jackson
|
0-0: Ball 1-0: Ball 2-0: Called Strike 2-1: Fielders Choice at 2nd, 1-4 (Groundball, 15S)
|
Batting: RHB Santiago Rivera
|
0-0: Grounds into double play, 6-4-3 (Groundball, 6M)
|
Bottom of the 7th over - 0 run(s), 1 hit(s), 0 error(s), 0 left on base; Menlo 6 - Balzac 3 |
TOP OF THE 8TH |
Menlo Maniacs batting - Pitching for Balzac Rams : RHP John Harris
|
Batting: RHB Manuel Alonso
|
0-0: Foul Ball, location: 2F 0-1: Ball 1-1: Called Strike 1-2: Strikes out swinging
|
Batting: RHB Gilberto León
|
0-0: Ball 1-0: Ball 2-0: Swinging Strike 2-1: Ball 3-1: Called Strike 3-2: Foul Ball, location: 2F 3-2: Strikes out looking
|
Batting: LHB Tim Ramsey
|
0-0: Swinging Strike 0-1: Called Strike 0-2: Foul Ball, location: 2F 0-2: Ball 1-2: Strikes out swinging
|
Top of the 8th over - 0 run(s), 0 hit(s), 0 error(s), 0 left on base; Menlo 6 - Balzac 3 |
BOTTOM OF THE 8TH |
Balzac Rams batting - Pitching for Menlo Maniacs : RHP Brad Small
|
Batting: RHB Ken Longoria
|
0-0: Called Strike 0-1: Called Strike 0-2: Ball 1-2: Ground out 5-3 (Groundball, 5)
|
Batting: LHB Carlos Romero
|
0-0: Ground out 4-3 (Groundball, 34D)
|
Batting: RHB Félix Quintero
|
0-0: Ball 1-0: Ball 2-0: Ground out 1-3 (Groundball, 15S)
|
Bottom of the 8th over - 0 run(s), 0 hit(s), 0 error(s), 0 left on base; Menlo 6 - Balzac 3 |
TOP OF THE 9TH |
Menlo Maniacs batting - Pitching for Balzac Rams : RHP John Harris
|
Batting: RHB Jason Blair
|
0-0: Fly out, F2 (Popup, 3S)
|
Batting: LHB César Rodríguez
|
0-0: Called Strike 0-1: Ball 1-1: Ball 2-1: Foul Ball, location: 2F 2-2: Foul Ball, location: 2F 2-2: Foul Ball, location: 2F 2-2: Ball 3-2: Ground out 3-1 (Groundball, 34S)
|
Pitching: LHP Miguel Muñíz
|
|
Batting: LHB Robby Lawson
|
0-0: Called Strike 0-1: Ball 1-1: Foul Ball, location: 2F 1-2: Ball 2-2: Ball 3-2: DOUBLE (Line Drive, 89M) - OUT at third base trying to stretch hit.
|
Top of the 9th over - 0 run(s), 1 hit(s), 0 error(s), 0 left on base; Menlo 6 - Balzac 3 |
BOTTOM OF THE 9TH |
Balzac Rams batting - Pitching for Menlo Maniacs : RHP Brad Small
|
Pitching: LHP Joe Jenkins
|
|
Batting: RHB Brian Parks
|
0-0: Fly out, F8 (Flyball, 8LM)
|
Batting: RHB Ricardo Muñóz
|
0-0: Ball 1-0: Ball 2-0: Ball 3-0: Called Strike 3-1: Reached on error, E7 (Flyball, 7)
|
Batting: RHB Bill Pike
|
0-0: Fielders Choice at 2nd, 6-4 (Groundball, 6)
|
Batting: RHB Josh Baker
|
0-0: Ball 1-0: Foul Ball, location: 2F 1-1: Ball Wild Pitch! Bill Pike to second 2-1: Ball 3-1: Fly out, F8 (Flyball, 8LM)
|
Bottom of the 9th over - 0 run(s), 0 hit(s), 1 error(s), 1 left on base; Menlo 6 - Balzac 3 |
|